 Dungeon Crawl Stone Soup version 0.20.1-1-g8b1a95d (webtiles) character file.

87 Irenicus the Insei (level 4, 0/31 HPs)
             Began as an Octopode Chaos Knight on Nov 12, 2017.
             Slain by a jackal (1 damage)
             ... on level 3 of the Dungeon.
             The game lasted 00:04:57 (690 turns).

Irenicus the Insei (Octopode Chaos Knight)           Turns: 690, Time: 00:04:58

Health: 0/31       AC:  1    Str: 11    XL:     4   Next: 51%
Magic:  0/4        EV: 13    Int: 14    God:    Xom [.....*]
Gold:   59         SH:  0    Dex: 12    Spells: 3/3 levels left

rFire    . . .     SeeInvis .     - Unarmed
rCold    + . .     Gourm    .   (no shield)
rNeg     . . .     Faith    .   (helmet restricted)
rPois    .         Spirit   +   d - amulet of guardian spirit
rElec    .         Reflect  .   c - ring of protection from cold
rCorr    +         Harm     .   f - ring of resist corrosion
MR       .....                  (no ring)
Stlth    ++........             (no ring)
Regen    0.1/turn               (no ring)
MPRegen  0.1/turn               (no ring)
                                (no ring)
                                (no ring)

@: no status effects
A: almost no armour, stealthy swim, amphibious, 8 rings, constrict 8, camouflage
1, gelatinous body 1
a: Renounce Religion


You were on level 3 of the Dungeon.
You worshipped Xom.
You were Xom's teddy bear.
You were not hungry.

You visited 1 branch of the dungeon, and saw 3 of its levels.

You collected 59 gold pieces.

Inventory:

Jewellery
 c - a ring of protection from cold (left tentacle)
 d - an amulet of guardian spirit (around mantle)
 f - a ring of resist corrosion (right tentacle)
Scrolls
 b - a scroll of remove curse
Comestibles
 a - 2 bread rations


   Skills:
 - Level 3.0 Fighting
 - Level 2.4 Dodging
 + Level 5.1 Unarmed Combat


You had 3 spell levels left.
You didn't know any spells.

Dungeon Overview and Level Annotations

Branches:
Dungeon (3/15)

Altars:


Innate Abilities, Weirdness & Mutations

You cannot wear most types of armour.
You are very stealthy in the water. (Stealth+)
You are amphibious.
You can wear up to eight rings at the same time.
You can use your tentacles to constrict eight enemies at once.
Your skin changes colour to match your surroundings (Stealth+).
Your rubbery body absorbs attacks. (AC +1, EV +1)


Message History

You grab the jackal.
The jackal is severely wounded.
You constrict the jackal, but do no damage.
The jackal barely misses you. The jackal closely misses you.
The gnoll hits you with a club.
* * * LOW HITPOINT WARNING * * *
You closely miss the jackal. You grab the jackal. You constrict the jackal.
You constrict the jackal, but do no damage.
The jackal bites you.
* * * LOW HITPOINT WARNING * * *
The jackal misses you. The gnoll misses you. The jackal closely misses you.
The jackal bites you.
* * * LOW HITPOINT WARNING * * *
You bludgeon the gnoll! Your grab misses the gnoll.
You tentacle-slap the gnoll.
The gnoll is severely wounded.
You constrict the jackal. x2; The jackal bites you.
* * * LOW HITPOINT WARNING * * *
The jackal bites you.
You die...

#...........ยง.# ..#
#..5.....#
######........#
..............#
#######....g#### #######
#...#..5.# ......#
###..#####.# ......# ###
#....# #g##h.....# ..#
#.##.# #5g@......#
#g###.##.# ####h.....#
#..##g#).# ######..?...#
##..#>#.####....#......#
##.<...........#..)...#
#.......####....########
#....>..# ###...#
#.......# ###.#
#.......# #.####


You could see an iron imp, 2 gnolls and 2 jackals.

Vanquished Creatures
  2 adders (D:2)
  5 gnolls
  An orc (D:3)
  A giant cockroach (D:1)
  3 hobgoblins
  2 bats
  A frilled lizard (D:2)
  A goblin (D:1)
  5 kobolds
  3 rats
24 creatures vanquished.

Notes
Turn   | Place    | Note
-------+----------+-------------------------------------------
     0 | D:1      | Irenicus the Octopode Chaos Knight began the quest for the Orb.
     0 | D:1      | Reached XP level 1. HP: 16/16 MP: 1/1
    26 | D:1      | XOM: potion effect (invisibility)
    33 | D:1      | XOM: divination: detect items
   101 | D:1      | XOM: divination: detect items
   239 | D:1      | Reached XP level 2. HP: 18/21 MP: 2/2
   290 | D:1      | You fall through a shaft!
   411 | D:2      | Reached skill level 4 in Unarmed Combat
   411 | D:2      | Reached XP level 3. HP: 10/26 MP: 1/3
   417 | D:2      | XOM: harmless Chrm miscast
   419 | D:2      | Reached XP level 4. HP: 10/31 MP: 1/4
   420 | D:2      | XOM: noise
   421 | D:2      | XOM: enchant monster (bad)
   438 | D:2      | Found a faded altar of an unknown god.
   603 | D:3      | Reached skill level 5 in Unarmed Combat
   613 | D:3      | XOM: 1-stop teleportation journey
   631 | D:3      | XOM: noise
   674 | D:3      | XOM: summons 2 hostile demons
   690 | D:3      | HP: 1/31 [jackal (1)]
   690 | D:3      | Slain by a jackal

Skill      XL: |  1  2  3  4 |
---------------+-------------+-----
Unarmed Combat | 4 5 |  5.1
Fighting       | |  3.0
Dodging        | |  2.4

Action                   |  1- 3 |  4- 6 || total
-------------------------+-------+-------++-------
Melee: Unarmed           |    45 |    26 ||    71
       Constrict         |    14 |     8 ||    22
       Punch             |     1 |     1 ||     2
       Tentacles         |     4 |     2 ||     6
  Use: Scroll            |       |     2 ||     2
 Stab: Sleeping          |     2 |       ||     2
       Invisible         |     1 |       ||     1
       Distracted        |       |     1 ||     1
Armor: Skin              |     2 |     1 ||     3
Dodge: Dodged            |    29 |    20 ||    49
